 Dungeon Crawl Stone Soup version 0.23-b1-75-g379dba2534 (webtiles) character file.

Game seed: 11989869365193352008

6176 KamiKatze the Cleaver (level 10, 0/91 HPs)
             Began as a Hill Orc Monk on Feb 6, 2019.
             Was an Elder of Qazlal.
             Slain by a cyan ugly thing (14 damage)
             ... on level 9 of the Dungeon.
             The game lasted 00:36:27 (10151 turns).

KamiKatze the Cleaver (Hill Orc Monk)              Turns: 10151, Time: 00:36:28

Health: 0/91       AC: 13    Str: 18    XL:     10   Next: 91%
Magic:  12/12      EV: 10    Int: 10    God:    Qazlal [****..]
Gold:   337        SH:  5    Dex: 13    Spells: 9/9 levels left

rFire    . . .     SeeInvis .   b - +0 broad axe
rCold    . . .     Gourm    .   (no shield)
rNeg     . . .     Faith    .   H - +0 chain mail
rPois    .         Spirit   .   B - +1 hat {MR+}
rElec    .         Reflect  .   G - +0 cloak
rCorr    .         Harm     .   (no gloves)
MR       ++...                  (no boots)
Stlth    ..........             (no amulet)
HPRegen  0.25/turn              q - ring of protection from magic
MPRegen  0.13/turn              (no ring)

@: repel missiles
A: no striking features
a: Upheaval, Elemental Force, Renounce Religion


You were on level 9 of the Dungeon.
You worshipped Qazlal.
Qazlal was greatly pleased with you.
You were not hungry.

You visited 2 branches of the dungeon, and saw 10 of its levels.

You collected 337 gold pieces.

Inventory:

Hand Weapons
 a - a +0 hand axe
 b - a +0 broad axe (weapon)
 m - a +0 flail of protection
Missiles
 d - 315 stones (quivered)
 K - 7 tomahawks
Armour
 w - a +1 helmet
 y - a +1 ring mail of fire resistance
 B - a +1 hat of magic resistance (worn)
 G - a +0 cloak (worn)
 H - a +0 chain mail (worn)
Jewellery
 q - a ring of protection from magic (left hand)
Wands
 e - a wand of random effects (18)
 l - a wand of paralysis (3)
 s - a wand of digging (5)
 A - a wand of disintegration (10)
 C - a wand of enslavement (8)
 F - a wand of iceblast (4)
Scrolls
 f - a scroll of immolation
 g - 3 scrolls of enchant weapon
 h - a scroll of remove curse
 j - 2 scrolls of fog {unknown}
 r - a scroll of blinking
 t - a scroll of fear {unknown}
 x - a scroll of enchant armour {unknown}
 z - a scroll of teleportation {unknown}
 D - a scroll of acquirement {unknown}
 E - a scroll of torment {unknown}
 I - a scroll of amnesia {unknown}
Potions
 i - 2 potions of brilliance
 k - 2 potions of flight
 n - a potion of lignification
 o - 4 potions of curing
 p - a potion of berserk rage {unknown}
 u - a potion of magic {unknown}
 v - a potion of mutation {unknown}
 J - 2 potions of haste
Comestibles
 c - 11 rations


   Skills:
 + Level 9.2 Fighting
 * Level 13.1 Axes
 + Level 7.6 Armour
 + Level 6.3 Dodging
 - Level 1.5 Stealth
 - Level 3.1 Evocations


You had 9 spell levels left.
You didn't know any spells.
Your spell library was empty.

Dungeon Overview and Level Annotations

Branches:
Dungeon (9/15)             Temple (1/1) D:5            Lair (0/6) D:8
    Orc: D:9-12

Altars:
Ashenzari
Cheibriados
Dithmenos
Elyvilon
Fedhas
Gozag
Hepliaklqana
Makhleb
Nemelex Xobeh
Okawaru
Qazlal
Ru
Sif Muna
Trog
Uskayaw
Vehumet
Wu Jian
Xom
Yredelemnul
Zin
The Shining One

Shops:
D:5 :

Annotations:
D:4 3 runed translucent doors, tidbits's ghost, amateur GnSk
D:8 1 runed translucent door, exclusion: door


Message History

The cyan ugly thing barely misses you.
The troll is engulfed in blazing flames.
The two-headed ogre hits you with a +0 giant spiked club!
The two-headed ogre barely misses you.
You hear a shout!
There is an open door here.
The eight-headed hydra is engulfed in blazing flames.
The cyan ugly thing engulfs you but does no damage.
Found a scroll of remove curse.
Okay, then.
There is an open door here.
The cyan ugly thing engulfs you but does no damage.
The cyan ugly thing engulfs you. The cyan ugly thing shocks you!
* * * LOW HITPOINT WARNING * * *
The two-headed ogre closely misses you. The two-headed ogre barely misses you.
The cyan ugly thing is engulfed in freezing vapours.
You open the door. The cyan ugly thing engulfs you.
* * * LOW HITPOINT WARNING * * *
The cyan ugly thing shocks you!
You die...

## .. ##. # #.. #.
#.# ##'#####
####'##### #......#
#.°.@.○..# ##...<..#
#..Ou....# .'......#
#.D.○.§..# #......#
#..§.....#
#...)..#####T○..?...#
#...%..'...'........#
#).)...#####........+
##)##### #........#
#.. #######+##


You could see an eight-headed hydra, a cyan ugly thing, a two-headed ogre and a
troll.

Vanquished Creatures
  Gastronok (D:8)
  A centaur zombie (D:8)
  Grinder (D:3)
  2 hippogriffs (D:8)
  2 shadows (D:8)
  A wyvern (D:8)
  A spriggan (D:7)
  3 wraiths (D:8)
  2 fire bats (D:8)
  2 ice beasts
  3 sky beasts
  2 phantoms
  2 black bears (D:7)
  A centaur (D:5)
  A bullfrog (D:8)
  A water moccasin skeleton (D:8)
  2 scorpions
  4 wights (D:7)
  A howler monkey (D:5)
  A bullfrog zombie (D:8)
  2 quasits
  3 hounds
  A jelly (D:5)
  Crazy Yiuf (D:3)
  A bullfrog skeleton (D:3)
  4 orc priests
  3 orc wizards (D:4)
  A centaur skeleton (D:4)
  Jessica (D:2)
  Natasha (thrice) (D:3)
  An iguana (D:4)
  Ijyb (D:4)
  4 worker ants
  2 hound skeletons (D:7)
  Robin (D:2)
  11 gnolls
  A howler monkey skeleton (D:4)
  6 adders
  2 adder skeletons
  2 worms
  2 dart slugs
  2 leopard geckos
  31 orcs
  A giant cockroach (D:2)
  9 hobgoblins
  5 jackals
  6 kobolds
  2 quokkas
  3 ball pythons
  17 bats
  4 frilled lizards
  15 goblins
  5 goblin skeletons (D:6)
  A goblin zombie (D:6)
  2 hobgoblin zombies (D:6)
  A kobold zombie (D:6)
  2 orc skeletons (D:6)
  An orc zombie (D:6)
  4 rats
  A plant (D:3)
199 creatures vanquished.

Notes
Turn   | Place    | Note
-------+----------+-------------------------------------------
     0 | D:1      | KamiKatze the Hill Orc Monk began the quest for the Orb.
     0 | D:1      | Reached XP level 1. HP: 19/19 MP: 1/1
   275 | D:1      | Reached XP level 2. HP: 21/27 MP: 2/2
   983 | D:2      | Reached skill level 1 in Armour
  1113 | D:2      | Reached XP level 3. HP: 12/33 MP: 3/3
  1424 | D:2      | Found a shadowy altar of Dithmenos.
  1599 | D:2      | Reached skill level 5 in Axes
  1763 | D:2      | Reached XP level 4. HP: 14/40 MP: 4/4
  1882 | D:3      | Noticed Jessica
  1950 | D:3      | Noticed Robin
  2010 | D:3      | Noticed Grinder
  2217 | D:2      | Killed Robin
  2237 | D:2      | Killed Jessica
  2237 | D:2      | Reached XP level 5. HP: 42/47 MP: 5/5
  2808 | D:3      | Reached skill level 6 in Axes
  2945 | D:4      | Reached XP level 6. HP: 27/53 MP: 6/6
  3044 | D:4      | Noticed Ijyb
  3054 | D:4      | Paralysed by Ijyb for 2 turns
  3060 | D:4      | Killed Ijyb
  3123 | D:4      | Noticed a phantom
  3273 | D:4      | Reached skill level 5 in Fighting
  3903 | D:4      | Found a runed translucent gate.
  3903 | D:4      | Found a runed translucent gate.
  3903 | D:4      | Found a runed translucent gate.
  3904 | D:4      | Noticed tidbits's ghost (amateur GnSk)
  4082 | D:4      | Found a sacrificial altar of Ru.
  4098 | D:4      | Reached skill level 7 in Axes
  4098 | D:4      | Reached XP level 7. HP: 60/61 MP: 7/7
  5019 | D:5      | Entered Level 5 of the Dungeon
  5353 | D:5      | Found a staircase to the Ecumenical Temple.
  5360 | Temple   | Entered the Ecumenical Temple
  5562 | Temple   | Became a worshipper of Qazlal Stormbringer
  5562 | Temple   | Reached * piety under Qazlal
  5562 | Temple   | Reached ** piety under Qazlal
  5714 | D:5      | Reached skill level 8 in Axes
  5831 | D:5      | Found Zavuigeh's Book Shop.
  5897 | D:5      | Found a blossoming altar of Fedhas.
  6098 | D:6      | Reached skill level 1 in Evocations
  6181 | D:6      | Reached XP level 8. HP: 33/70 MP: 8/8
  6920 | D:6      | Found a glowing golden altar of the Shining One.
  6931 | D:6      | Reached skill level 9 in Axes
  6983 | D:6      | Found a bloodstained altar of Trog.
  7073 | D:6      | Found a shattered altar of Ashenzari.
  7073 | D:6      | Found a sacrificial altar of Ru.
  7078 | D:6      | Found an iron altar of Okawaru.
  7080 | D:6      | Found a blossoming altar of Fedhas.
  7082 | D:6      | Found a radiant altar of Vehumet.
  7395 | D:3      | Reached *** piety under Qazlal
  7443 | D:3      | Killed Grinder
  7499 | D:3      | Noticed Natasha
  7695 | D:7      | Reached XP level 9. HP: 44/78 MP: 11/11
  7729 | D:7      | Reached skill level 5 in Armour
  7796 | D:7      | Found a sparkling altar of Nemelex Xobeh.
  7865 | D:7      | Reached skill level 10 in Axes
  7985 | D:7      | You fall through a shaft!
  7992 | D:8      | Noticed Gastronok
  8008 | D:8      | Killed Gastronok
  8008 | D:8      | Reached skill level 11 in Axes
  8008 | D:8      | Reached skill level 5 in Dodging
  8008 | D:8      | Reached XP level 10. HP: 22/88 MP: 12/12
  8055 | D:8      | Reached skill level 12 in Axes
  8505 | D:3      | Killed Natasha
  8538 | D:3      | Noticed Natasha
  8547 | D:3      | Killed Natasha
  8801 | D:3      | Noticed Natasha
  8807 | D:3      | Killed Natasha
  8912 | D:3      | Found a runed translucent door.
  8913 | D:3      | Noticed Crazy Yiuf
  8924 | D:3      | Killed Crazy Yiuf
  9295 | D:8      | Found a staircase to the Lair.
  9460 | D:8      | Reached **** piety under Qazlal
  9661 | D:8      | Reached skill level 13 in Axes
  9900 | D:8      | Found a shimmering altar of Xom.
  9952 | D:8      | Found a sacrificial altar of Ru.
  9963 | D:8      | Found a runed translucent door.
  9980 | D:8      | Found a basalt altar of Yredelemnul.
  9999 | D:8      | Found a hazy altar of Hepliaklqana.
 10036 | D:8      | Noticed a flayed ghost
 10041 | D:8      | Found an iron altar of Okawaru.
 10049 | D:8      | Found a shattered altar of Ashenzari.
 10131 | D:9      | Noticed a two-headed ogre
 10132 | D:9      | Noticed a cyan ugly thing
 10135 | D:9      | Noticed an eight-headed hydra
 10151 | D:9      | Slain by a cyan ugly thing

Skill      XL: |  1  2  3  4  5  6  7  8  9 10 |
---------------+-------------------------------+-----
Armour         | 1 2 3 4 6 7 |  7.6
Fighting       | 4 5 6 8 9 |  9.2
Axes           | 5 6 7 8 9 11 13 | 13.1
Dodging        | 3 4 5 6 |  6.3
Evocations     | 1 2 3 |  3.1
Stealth        | |  1.5

Action                   |  1- 3 |  4- 6 |  7- 9 | 10-12 || total
-------------------------+-------+-------+-------+-------++-------
Melee: Hand axe          |   131 |   222 |   107 |       ||   460
       Broad axe         |       |       |   203 |   215 ||   418
Throw: Stone             |    41 |     2 |       |       ||    43
  Use: Scroll            |     1 |     4 |     2 |     2 ||     9
       Potion            |       |     1 |     1 |     1 ||     3
 Stab: Sleeping          |     3 |       |       |       ||     3
  Eat: Chunk             |     3 |     7 |     7 |     7 ||    24
       Ration            |       |       |     2 |       ||     2
Armor: Robe              |     9 |       |       |       ||     9
       Ring mail         |    29 |    79 |    32 |       ||   140
       Scale mail        |       |       |    91 |    33 ||   124
       Skin              |       |       |    14 |       ||    14
       Chain mail        |       |       |       |    64 ||    64
Dodge: Dodged            |    66 |   136 |   173 |   103 ||   478
Block: Other             |       |       |    32 |    48 ||    80
